 Dungeon Crawl Stone Soup version 0.26-a0-712-ga5a9c9c9d0 (webtiles) character file.

Game seed: 3834297460842200178

4 Azzok the Skirmisher (level 1, 0/27 HPs)
             Began as a Demonspawn Berserker on Nov 7, 2020.
             Was a Follower of Trog.
             Slain by a kobold
             ... wielding a +1 dagger of draining
              (3 damage)
             ... on level 1 of the Dungeon.
             The game lasted 00:00:06 (59 turns).

Azzok the Skirmisher (Demonspawn Berserker)           Turns: 59, Time: 00:00:06

Health: 0/27       AC:  2    Str: 17    XL:     1   Next: 58%
Magic:  1/1        EV: 11    Int:  8    God:    Trog [*.....]
Gold:   0          SH:  0    Dex: 12    Spells: 0/0 levels left

rFire    . . .     SeeInvis .   a - +0 hand axe
rCold    . . .     Faith    .   (no shield)
rNeg     . . .     Spirit   .   b - +0 animal skin
rPois    .         Reflect  .   (no helmet)
rElec    .         Harm     .   (no cloak)
rCorr    .         Rampage  .   (no gloves)
MR       .....                  (no boots)
Stlth    ..........             (no amulet)
HPRegen  0.09/turn              (no ring)
MPRegen  0.07/turn              (no ring)

@: berserking, heavily drained, very quick
A: no striking features
a: Berserk, Renounce Religion


You were on level 1 of the Dungeon.
You worshipped Trog.
Trog was aware of your devotion.
You visited 1 branch of the dungeon, and saw 1 of its levels.

Inventory:

Hand Weapons
 a - a +0 hand axe (weapon)
Armour
 b - a +0 animal skin (worn)
Scrolls
 d - a scroll of magic mapping {unknown}
Potions
 c - a potion of curing {unknown}


   Skills:
 - Level 3.0(1.7) Fighting
 + Level 3.0(1.8) Axes
 - Level 1.7(0.5) Armour
 - Level 1.7(0.5) Dodging


You couldn't memorise any spells.
You didn't know any spells.
Your spell library was empty.

Dungeon Overview and Level Annotations

Branches:
Dungeon (1/15)

Altars:


Message History

You miss the kobold.
The kobold is moderately wounded.
You slash the ooze! The bat hits you.
* * * LOW HITPOINT WARNING * * *
The ooze hits you.
* * * LOW HITPOINT WARNING * * *
The kobold hits you but does no damage.
You feel drained.
You closely miss the kobold.
The kobold is moderately wounded.
You slash the ooze!
You kill the ooze!
Trog accepts your kill.
Your base Axes skill increases to level 3!
The bat hits you but does no damage. The kobold hits you but does no damage.
You feel drained.
You barely miss the kobold.
The kobold is moderately wounded.
You miss the bat. The bat closely misses you. The bat barely misses you.
The kobold hits you with a +1 dagger of draining.
You die...

▒· ··· ▒··▒ ▒·
▒··▒·▒▒▒▒ ▒▒▒ ▒·▒
▒··▒ ···▒ ···▒
▒··▒▒▒▒··▒▒▒▒·▒▒···▒▒
▒···········b@Kg···▒
▒·······(····▒▒▒·▒·▒
▒▒········▒·▒▒▒
··········▒·▒
····▒▒·▒▒▒·▒ ··▒· ▒·▒
▒J▒ · ▒·▒▒·▒ ▒·· ··
··▒·▒ ▒▒▒ ··· ▒·▒·▒
▒▒▒▒▒▒▒▒▒▒▒▒▒▒▒▒▒▒▒▒▒


You could see a goblin, a bat and a kobold.

Vanquished Creatures
  An ooze (D:1)
1 creature vanquished.

Notes
Turn   | Place    | Note
-------+----------+-------------------------------------------
     0 | D:1      | Azzok the Demonspawn Berserker began the quest for the Orb.
     0 | D:1      | Reached XP level 1. HP: 18/18 MP: 1/1
     2 | D:1      | Noticed a tengu
     4 | D:1      | Noticed a ghoul
     4 | D:1      | Noticed a dwarf
     6 | D:1      | Noticed a draconian
     6 | D:1      | Noticed a felid
    10 | D:1      | Noticed a halfling
    10 | D:1      | Noticed an elf
    12 | D:1      | Noticed a troll
    12 | D:1      | Noticed a minotaur
    14 | D:1      | Noticed an octopode
    14 | D:1      | Noticed an ogre
    16 | D:1      | Noticed a centaur
    16 | D:1      | Noticed a vampire
    18 | D:1      | Noticed a gargoyle
    18 | D:1      | Noticed a demigod
    20 | D:1      | Noticed a naga
    22 | D:1      | Noticed a formicid
    22 | D:1      | Noticed a vine stalker
    24 | D:1      | Noticed a merfolk
    24 | D:1      | Noticed a spriggan
    26 | D:1      | Noticed a demonspawn
    26 | D:1      | Noticed a human
    59 | D:1      | Slain by a kobold

Illustrated notes

Levels and vault maps discovered:
D:1:      kb_arrival_jail, layout_basic, minmay_distorted

Skill      XL: |  1 |
---------------+----+-----
Axes           | 3 |  3.0
Fighting       | |  3.0
Armour         | |  1.7
Dodging        | |  1.7

Action                   || total
-------------------------++-------
Melee: Hand axe          ||     6
Invok: Berserk           ||     1
Armor: Animal skin       ||     5
Dodge: Dodged            ||     8

Table legend: (Time is in decaauts)
 A = Elapsed time spent in this place.
 B = Non-inter-level travel time spent in this place.
 C = Inter-level travel time spent in this place.
 D = Time resting spent in this place.
 E = Time spent auto-exploring this place.
 F = Levels seen in this place.
 G = Mean time per level.
                   A        B        C        D        E       F      G
               +--------+--------+--------+--------+--------+-----+--------+
         Total |     59 |     59 |      0 |      0 |     42 |   1 |   59.0 |
       Dungeon |     59 |     59 |      0 |      0 |     42 |   1 |   59.0 |
               +--------+--------+--------+--------+--------+-----+--------+

Top non-repeatable levels by time:
     D:1: 59 daAuts
